 Dungeon Sprint DCSS version 0.21.1-1-g345015fe64 (webtiles) character file.

5212 Nordon the Bludgeoner (level 10, -14/72 HPs)
             Began as a Gargoyle Fighter on Apr 7, 2018.
             Was a High Priest of Okawaru.
             Killed from afar by a lindwurm (35 damage)
             ... with a blast of flame
             ... in the Dungeon (Sprint IX: "|||||||||||||||||||||||||||||").
             The game lasted 00:04:37 (1323 turns).

Nordon the Bludgeoner (Gargoyle Fighter)            Turns: 1323, Time: 00:04:38

Health: -14/72     AC: 20    Str: 26    XL:     10   Next: 61%
Magic:  10/10      EV: 14    Int: 12    God:    Okawaru [*****.]
Gold:   9          SH:  0    Dex:  9    Spells: 9/9 levels left

rFire    . . .     SeeInvis .   p - +2 dire flail (crush)
rCold    . . .     Gourm    .   (shield currently unavailable)
rNeg     + . .     Faith    .   l - +1 scale mail
rPois    ∞         Spirit   .   r - +0 helmet
rElec    +         Reflect  .   (no cloak)
rCorr    .         Harm     .   (no gloves)
MR       .....     NoTele   +   q - +0 pair of boots
Stlth    ..........             (no amulet)
HPRegen  0.22/turn              I - +3 ring of intelligence
MPRegen  0.12/turn              S - +3 ring of strength

@: no status effects
A: negative energy resistance 1, electricity resistance, unbreathing,
petrification resistance, rot immunity, AC +7
a: Heroism, Finesse, Renounce Religion


You were in the Dungeon.
You worshipped Okawaru.
Okawaru was extremely pleased with you.
You were hungry.

You visited 1 branch You collected 9 gold pieces.


Innate Abilities, Weirdness & Mutations

You are resistant to torment.
Your stone body is resilient. (AC +7)
You are immune to poison.
You resist negative energy. (rN+)
You are resistant to electric shocks. (rElec)
You can survive without breathing.
You are immune to petrification.
You are immune to rotting.


   Skills:
 + Level 12.4 Fighting
 * Level 15.1 Maces & Flails
 + Level 12.4 Armour
 + Level 8.9 Dodging
 - Level 5.3 Shields


You had 9 spell levels left.
You didn't know any spells.

Inventory:

Hand Weapons
 a - a +0 flail
 p - a +2 dire flail of crushing (weapon)
Armour
 b - a +0 scale mail
 c - a +0 shield
 l - a +1 scale mail (worn)
 q - a +0 pair of boots (worn)
 r - a +0 helmet (worn)
Jewellery
 I - a +3 ring of intelligence (left hand)
 S - a +3 ring of strength (right hand)
Wands
 o - a wand of iceblast (10)
Scrolls
 k - 2 scrolls of blinking
 m - 6 scrolls of remove curse {@r2}
 n - 2 scrolls of amnesia
 s - a scroll of fog
 t - a scroll of fear
Potions
 e - 6 potions of curing {@q1}
 g - 4 potions of heal wounds {@q2}
 h - 2 potions of haste {@q3}
 i - 4 potions of magic
 j - 2 potions of agility
Comestibles
 f - a ration {@e1}

Dungeon Overview and Level Annotations

Branches:
Dungeon (1/1)

Altars:
Cheibriados
Dithmenos
Elyvilon
Fedhas
Gozag
Hepliaklqana
Kikubaaqudgha
Makhleb
Nemelex Xobeh
Okawaru
Qazlal
Ru
Sif Muna
Trog
Uskayaw
Vehumet
Wu Jian
Xom
Yredelemnul
Zin
The Shining One
Beogh
Jiyva
Lugonu ████████████████████████ ....kk†@†........÷'..... █████████████████████████████████ ................................. █████████████████████████████████ '.....)).....)|..'⚑⚑⚑⚑⚑⚑⚑⚑⚑⚑⚑⚑⚑⚑⚑ █████████████████████████████████

You could see 2 lindwurms.


Message History

You hit the tyrant leech.
The tyrant leech is moderately wounded.
The tyrant leech bites you!
* * * LOW HITPOINT WARNING * * *
You puncture the tyrant leech!
The tyrant leech is heavily wounded.
You puncture the tyrant leech!
The tyrant leech is severely wounded.
The tyrant leech bites you!
* * * LOW HITPOINT WARNING * * *
You miss the tyrant leech.
The tyrant leech is severely wounded.
You crush the tyrant leech like a grape!!!
You kill the tyrant leech!
Okawaru is honoured by your kill.
You feel much better.
You hit the worm.
The worm is lightly wounded.
You hit the worm.
The worm is moderately wounded.
The worm bites you.
* * * LOW HITPOINT WARNING * * *
You puncture the worm!
The worm is almost dead.
You bludgeon the worm!!
You kill the worm!
Okawaru accepts your kill. The lindwurm breathes flames at you.
The blast of flame hits you!
You die...

Skill      XL: |  1  2  3  4  5  6  7  8  9 10 |
---------------+-------------------------------+-----
Fighting       | 4 5 6 8 9 10 11 12 | 12.4
Maces & Flails | 4 5 6 8 9 10 12 14 15 | 15.1
Armour         | 4 5 6 8 9 10 11 12 | 12.4
Shields        | 4 5 |  5.3
Dodging        | 1 2 4 5 6 7 8 |  8.9

Action                   |  1- 3 |  4- 6 |  7- 9 | 10-12 || total
-------------------------+-------+-------+-------+-------++-------
Melee: Flail             |    33 |     5 |       |       ||    38
       Dire flail        |       |    40 |    60 |    51 ||   151
Invok: Heroism           |       |       |     1 |     1 ||     2
  Use: Potion            |     1 |     2 |     1 |     1 ||     5
 Stab: Invisible         |       |     3 |       |       ||     3
  Eat: Chunk             |       |       |     1 |       ||     1
Armor: Scale mail        |    17 |    12 |    33 |     9 ||    71
Dodge: Dodged            |    13 |    21 |    34 |     8 ||    76
Block: Shield            |    20 |     5 |       |       ||    25

Vault maps used:
D:        linesprint

Notes
Turn   | Place    | Note
-------+----------+-------------------------------------------
     0 | D        | Nordon the Gargoyle Fighter began the quest for the Orb.
     0 | D        | Reached XP level 1. HP: 14/14 MP: 1/1
   104 | D        | Noticed a crimson imp
   104 | D        | Noticed a scorpion
   113 | D        | Killed a scorpion
   113 | D        | Reached skill level 4 in Fighting
   113 | D        | Reached skill level 4 in Maces & Flails
   113 | D        | Reached skill level 4 in Armour
   113 | D        | Reached skill level 4 in Shields
   113 | D        | Reached XP level 2. HP: 7/20 MP: 2/2
   113 | D        | Reached XP level 3. HP: 9/25 MP: 3/3
   114 | D        | Reached skill level 5 in Fighting
   114 | D        | Reached skill level 5 in Maces & Flails
   114 | D        | Reached skill level 5 in Armour
   114 | D        | Reached skill level 5 in Shields
   114 | D        | Reached XP level 4. HP: 11/31 MP: 4/4
   309 | D        | Found a roughly hewn altar of Beogh.
   309 | D        | Found a snail-covered altar of Cheibriados.
   309 | D        | Found a shadowy altar of Dithmenos.
   309 | D        | Found a white marble altar of Elyvilon.
   309 | D        | Found a blossoming altar of Fedhas.
   309 | D        | Found an opulent altar of Gozag.
   310 | D        | Found a hazy altar of Hepliaklqana.
   311 | D        | Found a viscous altar of Jiyva.
   312 | D        | Found an ancient bone altar of Kikubaaqudgha.
   313 | D        | Found a corrupted altar of Lugonu.
   314 | D        | Found a burning altar of Makhleb.
   315 | D        | Found a sparkling altar of Nemelex Xobeh.
   316 | D        | Found an iron altar of Okawaru.
   317 | D        | Found a stormy altar of Qazlal.
   318 | D        | Found a sacrificial altar of Ru.
   319 | D        | Found a deep blue altar of Sif Muna.
   320 | D        | Found a bloodstained altar of Trog.
   321 | D        | Found a hide-covered altar of Uskayaw.
   322 | D        | Found a radiant altar of Vehumet.
   323 | D        | Found an ornate altar of the Wu Jian Council.
   324 | D        | Became a worshipper of Warmaster Okawaru
   325 | D        | Found a shimmering altar of Xom.
   326 | D        | Found a basalt altar of Yredelemnul.
   327 | D        | Found a glowing silver altar of Zin.
   328 | D        | Found a glowing golden altar of the Shining One.
   384 | D        | Noticed an orc warrior
   384 | D        | Noticed an orc warrior
   384 | D        | Noticed a bullfrog
   397 | D        | Killed a bullfrog
   397 | D        | Reached skill level 6 in Fighting
   397 | D        | Reached skill level 6 in Maces & Flails
   397 | D        | Reached skill level 6 in Armour
   397 | D        | Reached skill level 1 in Dodging
   397 | D        | Reached XP level 5. HP: 23/36 MP: 5/5
   410 | D        | Killed an orc warrior
   410 | D        | Reached * piety under Okawaru
   410 | D        | Reached skill level 8 in Maces & Flails
   410 | D        | Reached skill level 2 in Dodging
   410 | D        | Reached XP level 6. HP: 28/42 MP: 6/6
   418 | D        | Killed an orc warrior
   418 | D        | Reached skill level 7 in Fighting
   418 | D        | Reached skill level 7 in Armour
   418 | D        | Reached skill level 3 in Dodging
   614 | D        | Noticed a cyan ugly thing
   614 | D        | Noticed a shadow
   618 | D        | Killed a shadow
   618 | D        | Reached skill level 8 in Fighting
   618 | D        | Reached skill level 9 in Maces & Flails
   618 | D        | Reached skill level 8 in Armour
   618 | D        | Reached skill level 4 in Dodging
   618 | D        | Reached XP level 7. HP: 49/49 MP: 7/7
   628 | D        | Killed a cyan ugly thing
   628 | D        | Reached ** piety under Okawaru
   628 | D        | Reached skill level 9 in Fighting
   628 | D        | Reached skill level 10 in Maces & Flails
   628 | D        | Reached skill level 9 in Armour
   628 | D        | Reached skill level 5 in Dodging
   628 | D        | Reached XP level 8. HP: 38/56 MP: 8/8
   635 | D        | Reached skill level 11 in Maces & Flails
   834 | D        | Noticed a black mamba
   834 | D        | Noticed a hippogriff
   834 | D        | Noticed a spiny frog
   846 | D        | Noticed a six-headed hydra
   847 | D        | Killed a spiny frog
   847 | D        | Reached *** piety under Okawaru
   847 | D        | Reached skill level 6 in Dodging
   849 | D        | Killed a hippogriff
   849 | D        | Reached skill level 12 in Maces & Flails
   851 | D        | Killed a black mamba
   851 | D        | Reached skill level 10 in Fighting
   851 | D        | Reached skill level 10 in Armour
   851 | D        | Reached XP level 9. HP: 52/62 MP: 6/9
   862 | D        | Killed a six-headed hydra
   862 | D        | Reached **** piety under Okawaru
   862 | D        | Received a gift from Okawaru
   862 | D        | Reached skill level 11 in Fighting
   862 | D        | Reached skill level 13 in Maces & Flails
   862 | D        | Reached skill level 11 in Armour
   862 | D        | Reached skill level 7 in Dodging
  1036 | D        | Noticed a spiny frog
  1036 | D        | Noticed a rime drake
  1037 | D        | Noticed a komodo dragon
  1042 | D        | Killed a rime drake
  1050 | D        | Reached skill level 14 in Maces & Flails
  1050 | D        | Reached XP level 10. HP: 46/70 MP: 10/10
  1052 | D        | Reached skill level 8 in Dodging
  1054 | D        | Killed a spiny frog
  1064 | D        | Reached skill level 12 in Armour
  1067 | D        | Reached skill level 12 in Fighting
  1290 | D        | Noticed a lindwurm
  1300 | D        | Noticed a lindwurm
  1303 | D        | Reached skill level 15 in Maces & Flails
  1310 | D        | Reached ***** piety under Okawaru
  1323 | D        | Killed from afar by a lindwurm

Vanquished Creatures
  A hydra (D)
  An ugly thing (D)
  A black mamba (D)
  2 spiny frogs (D)
  A rime drake (D)
  A komodo dragon (D)
  5 tyrant leeches (D)
  A hippogriff (D)
  A dream sheep (D)
  A shadow (D)
  2 water moccasins (D)
  2 orc warriors (D)
  4 porcupines (D)
  2 crocodiles (D)
  3 bullfrogs (D)
  A scorpion (D)
  A crimson imp (D)
  A quasit (D)
  An adder (D)
  A worm (D)
  A leopard gecko (D)
  2 orcs (D)
  A bat skeleton (D)
  2 bat zombies (D)
  2 giant cockroaches (D)
  A hobgoblin (D)
  A quokka (D)
  A bat (D)
  A quokka skeleton (D)
  A rat (D)
46 creatures vanquished.

Table legend:
 A = Turns spent in this place as a percentage of turns spent in the entire game.
 B = Non-inter-level travel turns spent in this place as a percentage of non-inter-level travel turns spent in the entire game.
 C = Inter-level travel turns spent in this place as a percentage of turns spent in this place.
 D = Turns resting spent in this place as a percentage of non-inter-level travel turns spent in this place.
 E = Turns spent auto-exploring this place as a percentage of non-inter-level travel turns spent in this place.
 F = Non-inter-level travel turns spent in this place divided by the number of levels of this place that you've seen.
                   A       B       C       D       E      F
               +-------+-------+-------+-------+-------+----------------------
         Total | 100.0 | 100.0 |   0.0 |  65.0 |   0.0 | 1323.0
       Dungeon | 100.0 | 100.0 |   0.0 |  65.0 |   0.0 | 1323.0
               +-------+-------+-------+-------+-------+----------------------

Table legend:
 A = Spawn XP
 B = Non-spawn XP
 C = Spawn XP percentage of total XP
 D = Spawn monster count
 E = Non-spawn monster count
 F = Spawn count percentage of total count
 G = Total turns spent on level
                    A         B        C        D         E        F      G
               +---------+---------+-------+---------+---------+-------+---------
         Total |       0 |    7447 |   0.0 |       0 |      46 |   0.0 |  1323
               +---------+---------+-------+---------+---------+-------+---------
             D |       0 |    7447 |   0.0 |       0 |      46 |   0.0 |  1323
               +---------+---------+-------+---------+---------+-------+---------
